 Dungeon Crawl Stone Soup version 0.30.1-11-g7821555f0a (webtiles) character file.

Game seed: 12802520732095731376

707 BigPumpCobain the Transmogrifier (level 7, -4/52 HPs)
             Began as a Red Draconian Transmuter on Dec 3, 2023.
             Was an Initiate of Ru.
             Succumbed to a water moccasin's poison
             ... on level 5 of the Dungeon.
             The game lasted 00:14:51 (5196 turns).

BigPumpCobain the Transmogrifier (DrTm)             Turns: 5196, Time: 00:14:52

Health: -4/52      AC:  2    Str: 12    XL:     7   Next: 40%
Magic:  7/10       EV: 19    Int: 15    God:    Ru [......]
Gold:   354        SH:  0    Dex: 17    Spells: 2/10 levels left

rFire   . . .        l - melded +4 quarterstaff (chaos)
rCold   . . .        (shield currently unavailable)
rNeg    . . .        (body armour unavailable)
rPois   x            (helmet currently unavailable)
rElec   .            m - melded +2 cloak {Stlth+}
rCorr   .            (gloves currently unavailable)
SInv    .            (boots currently unavailable)
Will    .....        (no amulet)
Stlth   ++           (no ring)
HPRegen 0.28/turn    (no ring)
MPRegen 0.12/turn

%: no passive effects
@: lethally poisoned (-4 -> -33), spider-form
A: venomous fangs, (breathe fire), AC +6, tiny, unfitting armour, (fire
resistance 1), (cold-blooded)
a: End Transformation, Renounce Religion


You were on level 5 of the Dungeon.
You worshipped Ru.
Ru was noncommittal.
You were a venomous arachnid creature.
You visited 1 branch of the dungeon, and saw 5 of its levels.

You collected 354 gold pieces.

Inventory:

Hand Weapons
 c - a +0 spear
 l - a +4 quarterstaff of chaos (melded)
 x - a +4 dagger
 z - a +0 halberd of flaming
 A - a +1 heavy trident
Missiles
 B - a throwing net
Armour
 m - a +2 cloak of stealth (melded)
Jewellery
 y - an amulet of faith
Scrolls
 b - 3 scrolls of teleportation {unknown}
 d - a scroll of vulnerability {unknown}
 e - 4 scrolls of fog {unknown}
 g - 4 scrolls of amnesia {unknown}
 h - a scroll of enchant weapon {unknown}
 i - 2 scrolls of poison {unknown}
 j - 3 scrolls of identify {unknown}
 k - 2 scrolls of blinking {unknown}
 u - 2 scrolls of magic mapping {unknown}
 v - a scroll of enchant armour {unknown}
 w - a scroll of acquirement {unknown}
Potions
 a - 4 potions of lignification
 f - 5 potions of haste {unknown}
 n - a potion of magic {unknown}
 o - a potion of might {unknown}
 p - 2 potions of flight {unknown}
 q - a potion of curing {unknown}
 r - a potion of ambrosia {unknown}
 s - a potion of attraction {unknown}
 t - a potion of mutation {unknown}


   Skills:
 - Level 1.1 Fighting
 - Level 1.7 Dodging
 - Level 3.0 Unarmed Combat
 - Level 2.0 Spellcasting
 + Level 8.4 Transmutations


You had 2 spell levels left.
You knew the following spells:

 Your Spells              Type           Power      Damage    Failure   Level
a - Beastly Appendage     Tmut           52%        N/A       4%          1
b - Spider Form           Tmut/Pois      14%        N/A       28%         3
c - Ice Form              Ice/Tmut       14%        N/A       58%         4

Your spell library contained the following spells:

 Spells                   Type           Power      Damage    Failure   Level
 Wereblood                Tmut           26%        N/A       5%          2
 Poisonous Vapours        Pois/Air       2%         N/A       54%         2
 Mephitic Cloud           Conj/Pois/Air  1%         N/A       75%         3
 Leda's Liquefaction      Hex/Erth       0%         N/A       98%         4
 Passage of Golubria      Tloc           1%         N/A       98%         4
 Freezing Cloud           Conj/Ice/Air   0%         6-21      100%        5
 Lee's Rapid Deconstruct  Erth           0%         3d4*      100%        5
 Silence                  Hex/Air        0%         N/A       100%        5
 Statue Form              Tmut/Erth      9%         N/A       100%        6
 Lehudib's Crystal Spear  Conj/Erth      0%         10d2      100%        8


Dungeon Overview and Level Annotations

Branches:
Dungeon (5/15)
 Temple: D:4-7

Altars:
Elyvilon
Ru


Innate Abilities, Weirdness & Mutations

You are a venomous arachnid creature.
You have venomous fangs.
You are tiny and dextrous.
Your spellcasting is less reliable in this form.
Your armour is entirely melded.
You are incapable of wielding weapons or throwing items.
((You can breathe blasts of fire.))
((Your fiery red scales are hard. (AC +6)))
You cannot fit into any form of body armour.
((Your flesh is heat resistant. (rF+)))
((You are cold-blooded and may be slowed by cold attacks.))


Message History

Your transformation is almost over.
You start resting.
Your transformation has ended.
Your +4 quarterstaff of chaos unmelds from your body.
Your +2 cloak of stealth unmelds from your body.
Your +4 quarterstaff of chaos is briefly surrounded by a scintillating aura of random colours.
You feel stealthy.
You start resting.
Magic restored.
You start resting.
A water moccasin is nearby!
A water moccasin is nearby!
You start resting.
A water moccasin is nearby!
You are too injured to fight recklessly!
Casting: Spider Form (dangerous; 12% risk of failure)
Confirm with . or Enter, or press ? or * to list all spells.
You turn into a venomous arachnid creature.
Your +4 quarterstaff of chaos melds into your body.
Your +2 cloak of stealth melds into your body.
You feel less stealthy.
The water moccasin hisses angrily.
You hit the water moccasin.
The water moccasin is lightly wounded.
The water moccasin bites you.
You closely miss the water moccasin.
The water moccasin is lightly wounded.
The water moccasin bites you!
* * * LOW HITPOINT WARNING * * *
The water moccasin barely misses you.
You bite the water moccasin!
The water moccasin is heavily wounded.
The water moccasin bites you.
* * * LOW HITPOINT WARNING * * *
The water moccasin attacks as you move away!
The water moccasin bites you.
* * * LOW HITPOINT WARNING * * *
You are lethally poisoned!
The water moccasin poisons you!
You die...

....$......#..###....###
...................###
.................###
...............###
......).......#.#####
#>...).)...........###
##....#..............###
##...##...............##
####S.s#..............#
#...###..............#
#...## #..............#
...# ##.............# .#
##............#
###.........##
#........#...
#.......####. #......##
##


You could see a water moccasin.

Vanquished Creatures
  A sky beast (D:4)
  An ogre (D:2)
  A gnoll sergeant (D:5)
  A hound (D:4)
  Crazy Yiuf (D:2)
  An iguana (D:4)
  Terence (D:2)
  Natasha (twice) (D:2)
  3 orc wizards
  7 gnolls (D:5)
  5 adders
  An ufetubus (D:5)
  2 worms (D:2)
  3 dart slugs
  10 orcs
  11 endoplasms
  7 giant cockroaches
  4 goblins
  8 hobgoblins
  12 kobolds
  7 quokkas
  7 ball pythons
  4 bats
  6 frilled lizards
  6 rats
112 creatures vanquished.

Notes
Turn   | Place    | Note
-------+----------+-------------------------------------------
     0 | D:1      | BigPumpCobain the Draconian Transmuter began the quest for
                  | the Orb.
     0 | D:1      | Reached XP level 1. HP: 16/16 MP: 3/3
   298 | D:1      | Reached XP level 2. HP: 23/23 MP: 5/5
   369 | D:1      | Reached skill level 3 in Transmutations
   942 | D:1      | Reached XP level 3. HP: 28/28 MP: 4/6
  1212 | D:2      | Learned a level 3 spell: Spider Form
  1270 | D:2      | Reached skill level 4 in Transmutations
  1410 | D:2      | Found a runed translucent door.
  1411 | D:2      | Noticed Crazy Yiuf
  1421 | D:2      | Killed Crazy Yiuf
  1422 | D:2      | Reached XP level 4. HP: 21/35 MP: 3/7
  1543 | D:2      | Found a faded altar of an unknown god.
  1731 | D:2      | Noticed an ogre
  1792 | D:2      | Noticed Natasha
  1797 | D:2      | Killed an ogre
  1798 | D:2      | Reached skill level 5 in Transmutations
  1798 | D:2      | Reached XP level 5. HP: 25/40 MP: 4/8
  1803 | D:2      | Killed Natasha
  1932 | D:2      | Reached skill level 6 in Transmutations
  2148 | D:2      | Noticed Natasha
  2276 | D:2      | Noticed Terence
  2282 | D:2      | Killed Terence
  2460 | D:2      | Killed Natasha
  2461 | D:2      | Reached XP level 6. HP: 41/47 MP: 2/9
  2713 | D:3      | Learned a level 4 spell: Ice Form
  3248 | D:3      | Found a white marble altar of Elyvilon.
  3678 | D:4      | Reached skill level 7 in Transmutations
  3967 | D:4      | Noticed a sky beast
  3986 | D:4      | Killed a sky beast
  4086 | D:4      | Found a sacrificial altar of Ru.
  4108 | D:4      | Became a worshipper of Ru the Awakened
  4126 | D:4      | Your scales start taking on a fiery red colour.
  4126 | D:4      | Reached XP level 7. HP: 25/52 MP: 7/10
  4126 | D:4      | Gained mutation: Your flesh is heat resistant. (rF+) [Red
                  | Draconian growth]
  4461 | D:5      | Entered Level 5 of the Dungeon
  4461 | D:5      | Noticed a yak
  4461 | D:5      | Noticed a yak
  4461 | D:5      | Noticed a yak
  4461 | D:5      | Noticed a yak
  4461 | D:5      | Noticed a yak
  4461 | D:5      | Noticed a yak
  4504 | D:5      | Reached skill level 8 in Transmutations
  5196 | D:5      | HP: 2/52 [water moccasin (2)]
  5196 | D:5      | Succumbed to a water moccasin's poison

Illustrated notes

Levels and vault maps discovered:
D:1:      lemuel_arrival_hallway, layout_basic, serial_curves, eino_curves_03,
          eino_curves_04, minmay_distorted
D:2:      layout_loops_cross, basic_ecumenical_altar, nrook_campfire,
          chequers_serial_rivers_micro_d, uniq_crazy_yiuf_cottage, uniq_natasha,
          uniq_terence
D:3:      minmay_spotlight, layout_rooms, nicolae_elyvilon_temple_path,
          interstate_on_off, minmay_fractal_squares_gapless_5
D:4:      layout_cave_pools, mainiacjoe_overflow_alcove_4
D:5:      layout_cave_pods

Skill      XL: |  1  2  3  4  5  6  7 |
---------------+----------------------+-----
Transmutations | 3 4 5 6 7 8 |  8.4
Fighting       | |  1.1
Dodging        | |  1.7
Unarmed Combat | |  3.0
Spellcasting   | |  2.0

Action                     |  1- 3 |  4- 6 |  7- 9 || total
---------------------------+-------+-------+-------++-------
  Melee: Spear             |   114 |       |       ||   114
         Tailslap          |    10 |       |       ||    10
         Unarmed           |    22 |   129 |    54 ||   205
         Kick              |    12 |       |       ||    12
         Punch             |     1 |       |       ||     1
         Headbutt          |     5 |       |       ||     5
         Quarterstaff      |       |     3 |     1 ||     4
   Cast: Beastly Appendage |    20 |     3 |       ||    23
         Spider Form       |     4 |    35 |    10 ||    49
   Stab: Sleeping          |       |     2 |       ||     2
 Armour: Skin              |    23 |    15 |     4 ||    42
  Dodge: Dodged            |    68 |   112 |    73 ||   253
